DSL
DSL HOUSTON ASTROS @ DSL NEW YORK (N) METS
06/16/2042
 
TOP OF THE 1ST
DSL Houston Astros batting - Pitching for DSL New York (N) Mets : RHP Derek Sullivan
Pitching: RHP Derek Sullivan
Batting: RHB Dave Byers 0-0: Ball
1-0: Called Strike
1-1: Foul Ball, location: 2F
1-2: SOLO HOME RUN (Flyball, 9LD, EV 98.1 MPH), Distance : 360 ft
Batting: RHB Cliff Hoover 0-0: Ball
1-0: Ground out 6-3 (Groundball, 6S, EV 66.3 MPH)
Batting: RHB Hugh Burns 0-0: Ball
1-0: Ball
2-0: Ball
3-0: Base on Balls
Batting: LHB Jorge Ramos 0-0: Grounds into double play, 4-6-3 (Groundball, 4, EV 85.6 MPH)
Top of the 1st over - 1 run, 1 hit, 0 errors, 0 left on base; DSL Houston 1 - DSL New York (N) 0
BOTTOM OF THE 1ST
DSL New York (N) Mets batting - Pitching for DSL Houston Astros : LHP Greg Spence
Pitching: LHP Greg Spence
Batting: RHB Charlie Tucker 0-0: Called Strike
0-1: Called Strike
0-2: Ball
1-2: Ball
2-2: Foul Ball, location: 5F
2-2: SOLO HOME RUN (Flyball, 7LD, EV 96.9 MPH), Distance : 348 ft
Batting: RHB Víctor Chapa 0-0: Called Strike
0-1: Ball
1-1: Foul Ball, location: 5SF
1-2: Strikes out swinging
Batting: RHB Dave Guy 0-0: Called Strike
0-1: Foul Ball, location: 2F
0-2: Strikes out swinging
Batting: LHB Joe Pittman 0-0: Ball
1-0: Fly out, F8 (Flyball, 8RD, EV 108.1 MPH)
Bottom of the 1st over - 1 run, 1 hit, 0 errors, 0 left on base; DSL Houston 1 - DSL New York (N) 1
TOP OF THE 2ND
DSL Houston Astros batting - Pitching for DSL New York (N) Mets : RHP Derek Sullivan
Batting: LHB Mario Ledesma 0-0: Foul Ball, location: 2F
0-1: Ball
1-1: Fly out, F6 (Popup, 6M, EV 65.0 MPH)
Batting: RHB Gabe Hurt 0-0: Ball
1-0: Fly out, F4 (Popup, 23, EV 81.9 MPH)
Batting: RHB Jerry White 0-0: Ball
1-0: Ball
2-0: Ball
3-0: Called Strike
3-1: Fly out, F7 (Line Drive, 7, EV 85.6 MPH)
Top of the 2nd over - 0 runs, 0 hits, 0 errors, 0 left on base; DSL Houston 1 - DSL New York (N) 1
BOTTOM OF THE 2ND
DSL New York (N) Mets batting - Pitching for DSL Houston Astros : LHP Greg Spence
Batting: RHB Moritz Herbst 0-0: Called Strike
0-1: Ball
1-1: Foul Ball, location: 3FF
1-2: Strikes out swinging
Batting: RHB Mike Humphrey 0-0: Called Strike
0-1: Foul Ball, location: 2F
0-2: Ball
1-2: DOUBLE (Groundball, 5L, EV 106.3 MPH)
Batting: RHB Norberto Salazar 0-0: Called Strike
0-1: Ball
1-1: Fly out, F7 (Flyball, 7, EV 86.3 MPH)
Batting: RHB Aurelio Luna 0-0: Ball
1-0: Ball
2-0: Ball
3-0: Base on Balls
Batting: RHB Jim Unknown 0-0: Called Strike
0-1: Ball
1-1: Called Strike
1-2: Ball
2-2: Strikes out swinging
Bottom of the 2nd over - 0 runs, 1 hit, 0 errors, 2 left on base; DSL Houston 1 - DSL New York (N) 1
TOP OF THE 3RD
DSL Houston Astros batting - Pitching for DSL New York (N) Mets : RHP Derek Sullivan
Batting: RHB Jeff Brown 0-0: Ball
1-0: Called Strike
1-1: Ball
2-1: Foul Ball, location: 23F
2-2: Ball
3-2: Base on Balls
Batting: RHB Alfredo Pacheco 0-0: Ball
Jeff Brown steals 2nd base
1-0: Called Strike
1-1: Ball
Wild Pitch!
Jeff Brown to third
2-1: Ball
3-1: Base on Balls
Batting: RHB Dave Byers 0-0: Swinging Strike
0-1: Ball
1-1: Fly out, F4 (Line Drive, 34D, EV 64.4 MPH)
Batting: RHB Cliff Hoover 0-0: Ball
1-0: Foul Ball, location: 9LMFF
1-1: Ball
2-1: Fly out, F9 (Flyball, 9S, EV 83.1 MPH)
Batting: RHB Hugh Burns 0-0: Ball
1-0: Swinging Strike
1-1: Swinging Strike
1-2: SINGLE (Groundball, 5S, EV 64.4 MPH) (infield hit)
Jeff Brown scores
Alfredo Pacheco to second
Batting: LHB Jorge Ramos 0-0: Ball
1-0: Ball
2-0: Ball
3-0: Called Strike
3-1: Foul Ball, location: 5SF
3-2: DOUBLE (Line Drive, 78D, EV 101.9 MPH)
Alfredo Pacheco scores
Hugh Burns to third
Hugh Burns scores
Batting: LHB Mario Ledesma 0-0: Swinging Strike
0-1: Called Strike
0-2: Foul Ball, location: 7LMF
0-2: Ball
1-2: Foul Ball, location: 5F
1-2: Ball
2-2: Ball
3-2: Base on Balls
Batting: RHB Gabe Hurt 0-0: Ball
1-0: Called Strike
1-1: Foul Ball, location: 5DF
1-2: Fly out, F9 (Flyball, 9D, EV 104.4 MPH)
Top of the 3rd over - 3 runs, 2 hits, 0 errors, 2 left on base; DSL Houston 4 - DSL New York (N) 1
BOTTOM OF THE 3RD
DSL New York (N) Mets batting - Pitching for DSL Houston Astros : LHP Greg Spence
Batting: RHB Charlie Tucker 0-0: Ball
1-0: Called Strike
1-1: Ball
2-1: Foul Ball, location: 7LMF
2-2: Ground out 5-3 (Groundball, 5, EV 105.6 MPH)
Batting: RHB Víctor Chapa 0-0: Ball
1-0: Called Strike
1-1: Ball
2-1: Ground out 6-3 (Groundball, 6, EV 84.4 MPH)
Batting: RHB Dave Guy 0-0: Foul Ball, location: 2F
0-1: Ball
1-1: SOLO HOME RUN (Flyball, 9D, EV 100.6 MPH), Distance : 395 ft
Batting: LHB Joe Pittman 0-0: Ball
1-0: Ball
2-0: Called Strike
2-1: Ball
3-1: Base on Balls
Batting: RHB Moritz Herbst 0-0: Ball
1-0: Swinging Strike
1-1: Swinging Strike
1-2: Strikes out swinging
Bottom of the 3rd over - 1 run, 1 hit, 0 errors, 1 left on base; DSL Houston 4 - DSL New York (N) 2
TOP OF THE 4TH
DSL Houston Astros batting - Pitching for DSL New York (N) Mets : RHP Derek Sullivan
Pitching: RHP Randy Schmidt
Batting: RHB Jerry White 0-0: Ball
1-0: Swinging Strike
1-1: Swinging Strike
1-2: Strikes out swinging
Batting: RHB Jeff Brown 0-0: Called Strike
0-1: Foul Ball, location: 2RF
0-2: Ball
1-2: Strikes out swinging
Batting: RHB Alfredo Pacheco 0-0: Ball
1-0: Fly out, F4 (Popup, 4, EV 72.5 MPH)
Top of the 4th over - 0 runs, 0 hits, 0 errors, 0 left on base; DSL Houston 4 - DSL New York (N) 2
BOTTOM OF THE 4TH
DSL New York (N) Mets batting - Pitching for DSL Houston Astros : LHP Greg Spence
Batting: RHB Mike Humphrey 0-0: Foul Ball, location: 9LMF
0-1: Ball
1-1: Ground out 2-3 (Groundball, 2R, EV 71.3 MPH)
Batting: RHB Norberto Salazar 0-0: DOUBLE (Line Drive, 3D, EV 110.0 MPH) - OUT at third base trying to stretch hit.
Batting: RHB Aurelio Luna 0-0: Ball
1-0: DOUBLE (Flyball, 8RXD, EV 110.6 MPH)
Batting: RHB Jim Unknown 0-0: Called Strike
0-1: Foul Ball, location: 2F
0-2: Ball
1-2: Foul Ball, location: 9LMF
1-2: Ball
2-2: Foul Ball, location: 9LDF
2-2: Foul Ball, location: 2F
2-2: Foul Ball, location: 2F
2-2: Strikes out swinging
Bottom of the 4th over - 0 runs, 2 hits, 0 errors, 1 left on base; DSL Houston 4 - DSL New York (N) 2
TOP OF THE 5TH
DSL Houston Astros batting - Pitching for DSL New York (N) Mets : RHP Randy Schmidt
Batting: RHB Dave Byers 0-0: Ball
1-0: Ball
2-0: Ball
3-0: Called Strike
3-1: Ground out 6-3 (Groundball, 6, EV 103.8 MPH)
Batting: RHB Cliff Hoover 0-0: Fly out, F9 (Flyball, 9, EV 100.0 MPH)
Batting: RHB Hugh Burns 0-0: Foul Ball, location: 9LSF
0-1: Swinging Strike
0-2: Ball
1-2: Hit by Pitch
Batting: LHB Jorge Ramos 0-0: Called Strike
0-1: Swinging Strike
0-2: Ball
1-2: Ball
2-2: Strikes out looking
Top of the 5th over - 0 runs, 0 hits, 0 errors, 1 left on base; DSL Houston 4 - DSL New York (N) 2
BOTTOM OF THE 5TH
DSL New York (N) Mets batting - Pitching for DSL Houston Astros : LHP Greg Spence
Batting: RHB Charlie Tucker 0-0: Swinging Strike
0-1: Swinging Strike
0-2: Strikes out swinging
Batting: RHB Víctor Chapa 0-0: Ball
1-0: Swinging Strike
1-1: Ball
2-1: Foul Ball, location: 2F
2-2: Ball
3-2: Base on Balls
Batting: RHB Dave Guy 0-0: Called Strike
Víctor Chapa steals 2nd base
0-1: Foul Ball, location: 2F
0-2: Ball
1-2: Ball
2-2: Ball
3-2: Base on Balls
Batting: LHB Joe Pittman 0-0: Ball
1-0: Called Strike
1-1: Foul Ball, location: 5F
1-2: Foul Ball, location: 7LDF
1-2: Foul Ball, location: 2F
1-2: Ball
2-2: Grounds into double play, 4-6-3 (Groundball, 4S, EV 85.6 MPH)
Bottom of the 5th over - 0 runs, 0 hits, 0 errors, 1 left on base; DSL Houston 4 - DSL New York (N) 2
TOP OF THE 6TH
DSL Houston Astros batting - Pitching for DSL New York (N) Mets : RHP Randy Schmidt
Batting: LHB Mario Ledesma 0-0: Ball
1-0: Ball
2-0: Ball
3-0: Called Strike
3-1: Foul Ball, location: 5SF
3-2: Base on Balls
Batting: RHB Gabe Hurt 0-0: Foul Ball, location: 2F
0-1: Foul Ball, location: 2F
0-2: Foul Ball, location: 25F
0-2: Foul Ball, location: 5FF
0-2: Ball
1-2: Ball
2-2: Strikes out swinging
Batting: RHB Jerry White 0-0: Foul Ball, location: 7LSF
0-1: Swinging Strike
0-2: Foul Ball, location: 2F
0-2: Ball
1-2: Ball
2-2: Foul Ball, location: 3F
2-2: Grounds into double play, 5-4-3 (Groundball, 56S, EV 80.0 MPH)
Top of the 6th over - 0 runs, 0 hits, 0 errors, 0 left on base; DSL Houston 4 - DSL New York (N) 2
BOTTOM OF THE 6TH
DSL New York (N) Mets batting - Pitching for DSL Houston Astros : LHP Greg Spence
Batting: RHB Moritz Herbst 0-0: Ball
1-0: DOUBLE (Line Drive, 89D, EV 100.6 MPH)
Batting: RHB Mike Humphrey 0-0: Called Strike
0-1: Ball
1-1: Foul Ball, location: 2F
1-2: Ball
2-2: Ball
3-2: Base on Balls
Pitching: LHP Sergio Martínez
Batting: RHB Norberto Salazar 0-0: Ball
1-0: Grounds into double play, 5-4-3 (Groundball, 5, EV 79.4 MPH)
Moritz Herbst to third
Batting: RHB Aurelio Luna 0-0: Ball
1-0: 2-RUN HOME RUN (Flyball, 7D, EV 96.3 MPH), Distance : 377 ft
Batting: RHB Jim Unknown 0-0: Swinging Strike
0-1: Ball
1-1: Foul Ball, location: 9LMF
1-2: Strikes out swinging
Bottom of the 6th over - 2 runs, 2 hits, 0 errors, 0 left on base; DSL Houston 4 - DSL New York (N) 4
TOP OF THE 7TH
DSL Houston Astros batting - Pitching for DSL New York (N) Mets : RHP Randy Schmidt
Pinch Hitting: SHB Cris Núñez 0-0: Called Strike
0-1: Ball
1-1: Fly out, F8 (Flyball, 89D, EV 103.8 MPH)
Pinch Hitting: RHB Sergio Hernández 0-0: Called Strike
0-1: Called Strike
0-2: Strikes out looking
Pinch Hitting: SHB Derek Webb 0-0: Called Strike
0-1: Ball
1-1: Ball
2-1: Foul Ball, location: 2F
2-2: Strikes out looking
Top of the 7th over - 0 runs, 0 hits, 0 errors, 0 left on base; DSL Houston 4 - DSL New York (N) 4
BOTTOM OF THE 7TH
DSL New York (N) Mets batting - Pitching for DSL Houston Astros : LHP Sergio Martínez
Now at 1B: Juan Carlos Domínguez
Now at 2B: Cris Núñez
Now in LF: Zach Davis
Now in CF: Jorge Ramos
Batting: RHB Charlie Tucker 0-0: Ball
1-0: Foul Ball, location: 2F
1-1: Ball
2-1: Ground out 6-3 (Groundball, 6, EV 109.4 MPH)
Batting: RHB Víctor Chapa 0-0: Called Strike
0-1: Foul Ball, location: 9LDF
0-2: Foul Ball, location: 9LMF
0-2: Foul Ball, location: 5F
0-2: Ball
1-2: Strikes out looking
Batting: RHB Dave Guy 0-0: Called Strike
0-1: Ball
1-1: DOUBLE (Line Drive, 7LS, EV 98.8 MPH)
Batting: LHB Joe Pittman 0-0: Called Strike
0-1: Swinging Strike
0-2: Strikes out swinging
Bottom of the 7th over - 0 runs, 1 hit, 0 errors, 1 left on base; DSL Houston 4 - DSL New York (N) 4
TOP OF THE 8TH
DSL Houston Astros batting - Pitching for DSL New York (N) Mets : RHP Randy Schmidt
Pitching: RHP Kevin Harris
Pinch Hitting: RHB Rob Wilson 0-0: Ball
1-0: Called Strike
1-1: DOUBLE (Flyball, 7LD, EV 97.5 MPH)
Batting: LHB Ed Benton 0-0: Intentional Walk
Batting: LHB Jorge Ramos 0-0: Ball
1-0: Foul Ball, location: 25F
1-1: Swinging Strike
1-2: Strikes out swinging
Batting: LHB Mario Ledesma 0-0: TRIPLE (Flyball, 78XD, EV 91.9 MPH)
Rob Wilson scores
Ed Benton scores
Pinch Hitting: LHB Jon Burton 0-0: Intentional Walk
Pinch Hitting: SHB Ken Cochran 0-0: Ball
1-0: Called Strike
1-1: SINGLE (Line Drive, 78S, EV 95.6 MPH)
Mario Ledesma scores
Jon Burton to second
Batting: SHB Cris Núñez 0-0: Called Strike
0-1: Ball
1-1: Ball
2-1: Fly out, F6 (Line Drive, 6M, EV 74.4 MPH)
Batting: RHB Zach Davis 0-0: Ball
1-0: Called Strike
1-1: Called Strike
1-2: Strikes out looking
Top of the 8th over - 3 runs, 3 hits, 0 errors, 2 left on base; DSL Houston 7 - DSL New York (N) 4
BOTTOM OF THE 8TH
DSL New York (N) Mets batting - Pitching for DSL Houston Astros : LHP Sergio Martínez
Now at 3B: Robbie Ashe
Now at SS: Joe Pratt
Now in CF: Myron Davis
Now in RF: Jorge Ramos
Batting: RHB Moritz Herbst 0-0: Ball
1-0: Called Strike
1-1: SOLO HOME RUN (Flyball, 8LXD, EV 113.1 MPH), Distance : 452 ft
Batting: RHB Mike Humphrey 0-0: Foul Ball, location: 5FF
0-1: Ball
1-1: Ball
2-1: Ball
3-1: Called Strike
3-2: Base on Balls
Batting: RHB Norberto Salazar 0-0: Ball
1-0: Ball
2-0: Ball
3-0: Base on Balls
Mike Humphrey to second
Pitching: RHP Juan Rivera
Pinch Hitting: LHB Lanny Rich 0-0: Called Strike
0-1: Called Strike
0-2: Ball
1-2: Strikes out swinging
Batting: SHB Vic Lee 0-0: Called Strike
0-1: Swinging Strike
0-2: Strikes out swinging
Batting: RHB Charlie Tucker 0-0: Ball
1-0: Ball
2-0: SINGLE (Line Drive, 78S, EV 97.5 MPH)
Mike Humphrey to third
Norberto Salazar to second
Runner from 3rd tries for Home, SAFE, throw by LF to home
Pinch Hitting: LHB Dan Nieves 0-0: Called Strike
0-1: DOUBLE (Flyball, 78D, EV 111.9 MPH)
Norberto Salazar scores
Charlie Tucker to third
Runner from 3rd tries for Home, SAFE, throw by LF to home
Batting: RHB Dave Guy 0-0: Ball
1-0: Foul Ball, location: 2F
1-1: Called Strike
1-2: Ball
2-2: DOUBLE (Line Drive, 9LD, EV 106.9 MPH)
Dan Nieves scores
Pitching: LHP Bob Miller
Batting: LHB Joe Pittman 0-0: Called Strike
0-1: Fly out, F7 (Flyball, 7D, EV 98.8 MPH)
Bottom of the 8th over - 5 runs, 4 hits, 0 errors, 1 left on base; DSL Houston 7 - DSL New York (N) 9
TOP OF THE 9TH
DSL Houston Astros batting - Pitching for DSL New York (N) Mets : RHP Kevin Harris
Pitching: RHP Manny Castro
Now at C: Stan Cole
Now at 1B: Dan Nieves
Pinch Hitting: RHB Oscar Simpson 0-0: Hit by Pitch
Batting: RHB Myron Davis 0-0: Ball
1-0: Called Strike
1-1: Ball
2-1: Foul Ball, location: 9LMF
2-2: Strikes out swinging
Batting: LHB Ed Benton 0-0: Grounds out, U3 (Groundball, 3L, EV 102.5 MPH)
Batting: LHB Jorge Ramos 0-0: Ball
1-0: Called Strike
1-1: Ball
2-1: Hit by Pitch
Pinch Runner at 1st Willie Johnson:
Batting: LHB Mario Ledesma 0-0: Ball
1-0: Foul Ball, location: 2F
1-1: Ball
2-1: Foul Ball, location: 2F
2-2: Strikes out looking
Top of the 9th over - 0 runs, 0 hits, 0 errors, 2 left on base; DSL Houston 7 - DSL New York (N) 9
Friday, May 3rd , 2024 - OOTP Baseball 24.10 Build 82